Map: Green Acres

Players

neulaender

  • Race: Zerg Zerg
  • Spawn Location: 9:00

Baumdoktor

  • Race: Protoss Protoss
  • Spawn Location: 6:00

BennTenn

  • Race: Terran Terran
  • Spawn Location: 7:00

A.I. 3 (Elite)

  • Race: Terran Terran
  • Spawn Location: 1:00

A.I. 4 (Very Hard)

  • Race: Zerg Zerg
  • Spawn Location: 3:00

A.I. 5 (Elite)

  • Race: Zerg Zerg
  • Spawn Location: 12:00

VOD

Have the link to the VOD?

Description

Time

  • Played on: Oct. 10, 2016, 1:14 p.m.
  • Length: 6:17
Show
View Real Time Build Order
Export as new Build Order

neulaender Zerg 

Build Orders: Hatch First, Zergling Baneling 

Get SALT Encoding   

  12  0:02  Drone  
  13  0:09  Drone  
  14  0:21  Overlord  
  14  0:44  Drone  
  14  0:49  Hatchery  
  14  0:53  Drone  
  14  0:54  Drone  
  16  0:58  Drone  
  17  1:09  Extractor  
  16  1:14  Spawning Pool  
  16  1:17  Drone  
  16  1:21  Drone  
  17  1:27  Drone  
  18  1:39  Drone  
  19  1:50  Drone  
  20  2:00  Overlord  
  20  2:07  Drone  
  21  2:08  Queen  
  21  2:09  Queen  
  21  2:11  Drone  
  26  2:19  Evolution Chamber  
  26  2:21  Drone  
  26  2:24  Metabolic Boost  
  26  2:30  Overlord  
  26  2:32  Drone  
  26  2:36  Extractor  
  26  2:39  Drone x2  
  29  2:44  Drone  
  29  2:55  Drone x2  
  29  2:56  Drone  
  32  3:01  Zerg Missile Weapons Level 1  
  32  3:10  Zergling x4  
  34  3:20  Baneling Nest  
  34  3:22  Zergling x2  
  34  3:23  Zergling x14  
  41  3:32  Spine Crawler  
  40  3:41  Drone x3, Evolution Chamber  
  42  3:49  Lair  
  32  4:06  Spine Crawler  
  32  4:07  Spine Crawler  
  28  4:28  Zergling x4  
  28  4:29  Zergling x10  
  30  4:47  Baneling  
  30  4:48  Baneling x7  
  30  4:50  Baneling  
  30  4:51  Baneling x5  
  23  5:16  Zergling x6  
  26  5:22  Spine Crawler  
  26  5:25  Spine Crawler  
  26  5:26  Zergling x2  
  25  5:31  Spine Crawler  
  24  5:42  Baneling x6  
  24  5:45  Baneling x2  
Show
View Real Time Build Order
Export as new Build Order

Baumdoktor Protoss 

Build Orders: 1 Gate Expand 

Get SALT Encoding   

  12  0:02  Probe (Chrono Boost)  
  13  0:13  Probe (Chrono Boost)  
  14  0:21  Pylon  
  14  0:25  Probe (Chrono Boost)  
  15  0:39  Probe (Chrono Boost)  
  16  0:50  Gateway, Probe (Chrono Boost)  
  17  1:00  Probe (Chrono Boost)  
  18  1:05  Assimilator  
  19  1:11  Probe (Chrono Boost)  
  19  1:22  Probe (Chrono Boost)  
  19  1:25  Nexus  
  20  1:32  Probe (Chrono Boost)  
  21  1:40  Cybernetics Core  
  21  1:47  Assimilator  
  21  1:49  Probe (Chrono Boost)  
  22  1:59  Probe (Chrono Boost)  
  22  2:00  Pylon  
  23  2:09  Warp Gate  
  23  2:19  Probe (Chrono Boost)  
  24  2:29  Zealot  
  27  2:31  Probe (Chrono Boost)  
  27  2:38  Pylon  
  27  2:41  Pylon  
  27  2:43  Probe (Chrono Boost)  
  28  2:45  Pylon  
  28  2:55  Probe (Chrono Boost)  
  29  3:01  Twilight Council  
  30  3:05  Probe (Chrono Boost)  
  30  3:07  Probe (Chrono Boost)  
  31  3:16  Probe (Chrono Boost)  
  32  3:27  Probe (Chrono Boost)  
  33  3:34  Pylon  
  33  3:37  Probe x2 (Chrono Boost)  
  35  3:42  Gateway  
  35  3:45  Gateway  
  35  3:48  Gateway, Probe (Chrono Boost)  
  37  3:49  Probe (Chrono Boost)  
  37  3:56  Gateway  
  37  3:58  Probe (Chrono Boost)  
  37  4:01  Probe (Chrono Boost)  
  35  4:13  Probe (Chrono Boost)  
  36  4:46  Stalker x3  
  40  5:11  Zealot x3  
  45  5:21  Stalker x2  
  43  5:35  Zealot x3  
  38  5:46  Zealot x2  
Show
View Real Time Build Order
Export as new Build Order

BennTenn Terran 

Build Orders:  

Get SALT Encoding   

  12  0:05  SCV  
  13  0:18  SCV  
  14  0:21  Supply Depot  
  14  0:32  SCV  
  15  0:44  SCV  
  16  1:00  SCV  
  17  1:12  SCV  
  17  1:14  Barracks  
  18  1:23  Command Center  
  18  1:31  Supply Depot  
  18  1:33  SCV  
  19  1:40  Refinery  
  19  1:49  SCV  
  20  2:09  Barracks  
  20  2:14  Barracks  
  20  2:16  SCV  
  21  2:28  SCV  
  22  2:44  Barracks  
  22  2:57  SCV  
  23  3:09  SCV  
  24  3:17  Barracks  
  24  3:21  SCV  
  25  3:29  Command Center  
  25  3:30  Barracks Tech Lab  
  25  3:31  Barracks Tech Lab  
  25  3:33  SCV  
  26  3:39  Barracks Tech Lab  
  26  3:40  Barracks Tech Lab  
  26  3:45  SCV  
  26  3:46  Supply Depot  
  26  3:47  SCV  
  28  3:52  Refinery  
  28  3:57  SCV  
  29  4:03  Refinery  
  29  4:06  Refinery  
  29  4:09  SCV  
  30  4:20  Marauder x2  
  30  4:21  Marauder  
  30  4:22  SCV  
  37  4:30  Marauder  
  39  4:41  Marauder  
  35  4:55  Marauder x2  
  39  5:02  Marauder  
  38  5:16  Marauder x2  
  35  5:24  Marauder  
  35  5:38  Marauder x2  
  39  5:45  Marauder  
Show
View Real Time Build Order
Export as new Build Order

A.I. 3 (Elite) Terran 

Build Orders:  

Get SALT Encoding   

  12  0:01  SCV  
  13  0:13  SCV  
  14  0:19  Supply Depot  
  14  0:25  SCV  
  15  0:40  SCV  
  16  0:44  Barracks  
  16  0:53  SCV  
  17  1:05  SCV  
  18  1:17  SCV  
  19  1:18  Supply Depot  
  19  1:23  Refinery  
  19  1:29  SCV  
  20  1:33  Marine  
  21  1:41  SCV  
  22  1:51  Marine  
  22  1:53  Barracks, SCV  
  24  1:58  Refinery  
  24  2:05  Orbital Command, Supply Depot  
  24  2:09  Marine  
  25  2:26  Marine  
  26  2:31  SCV  
  27  2:43  SCV  
  28  2:44  Marine  
  28  2:46  Command Center  
  29  3:03  Factory  
  29  3:04  SCV  
  29  3:05  Marine  
  30  3:09  Marine  
  32  3:16  SCV  
  33  3:23  Marine  
  34  3:27  Marine  
  34  3:28  SCV  
  36  3:40  SCV  
  37  3:49  Factory Tech Lab  
  37  3:52  SCV  
  38  3:57  Marine  
  38  3:58  SCV, Marine  
  38  4:00  Starport  
  40  4:04  SCV  
  41  4:11  SCV  
  41  4:12  Supply Depot  
  41  4:15  Marine x2  
  41  4:16  SCV  
  45  4:23  SCV  
  46  4:25  Siege Tank  
  46  4:28  SCV  
  50  4:33  Marine  
  50  4:35  SCV  
  50  4:36  Marine  
  50  4:37  Supply Depot  
  53  4:40  SCV  
  53  4:42  Starport Tech Lab  
  54  4:47  SCV  
  54  4:51  Marine  
  56  4:53  SCV  
  56  4:54  Supply Depot  
  56  4:59  SCV  
  58  5:02  Barracks Tech Lab  
  58  5:05  SCV  
  59  5:12  Orbital Command  
  59  5:21  Marauder  
  59  5:26  Marine  
  53  5:33  Command Center  
  52  5:42  Marine  
  53  5:47  Marine  
  56  5:57  Barracks  
  58  6:05  Barracks Tech Lab  
Show
View Real Time Build Order
Export as new Build Order

A.I. 4 (Very Hard) Zerg 

Build Orders: Pool First 

Get SALT Encoding   

  12  0:01  Drone  
  13  0:12  Overlord  
  13  0:17  Drone  
  14  0:30  Drone  
  15  0:39  Spawning Pool  
  15  0:40  Drone  
  15  0:44  Drone  
  15  0:48  Drone  
  17  0:51  Extractor  
  17  0:55  Drone  
  17  1:06  Drone  
  18  1:16  Drone  
  19  1:26  Queen  
  19  1:27  Zergling x2  
  19  1:28  Roach Warren  
  21  1:38  Overlord  
  21  1:49  Drone  
  22  1:59  Overlord  
  22  2:10  Roach  
  24  2:21  Roach  
  26  2:32  Roach x2  
  26  2:33  Roach  
  32  2:43  Roach  
  34  2:54  Roach  
  36  3:04  Roach, Overlord  
  38  3:08  Overlord  
  38  3:22  Roach x2  
  44  3:27  Roach  
  44  3:36  Drone, Overlord  
  44  3:37  Roach  
  44  3:38  Roach  
  49  3:49  Roach  
  49  3:53  Extractor  
  50  4:00  Zergling x2  
  51  4:06  Lair  
  51  4:07  Drone, Overlord  
  52  4:10  Drone  
  52  4:13  Drone  
  54  4:22  Roach  
  56  4:33  Drone  
  56  4:40  Drone, Zergling x2  
  56  4:41  Drone  
  56  4:45  Drone  
  60  4:59  Overlord  
  60  5:06  Zergling x2  
  61  5:08  Hydralisk Den  
  61  5:11  Zergling x2  
  61  5:12  Drone  
  61  5:13  Hatchery  
  61  5:17  Drone  
  62  5:32  Zergling x2  
  63  5:39  Zergling x4  
  65  5:43  Zergling x2, Hydralisk  
  65  5:47  Overlord  
Show
View Real Time Build Order
Export as new Build Order

A.I. 5 (Elite) Zerg 

Build Orders: Pool First 

Get SALT Encoding   

  12  0:01  Drone  
  13  0:13  Overlord  
  13  0:17  Drone  
  14  0:31  Drone  
  15  0:40  Spawning Pool  
  15  0:41  Drone  
  15  0:45  Drone  
  15  0:49  Drone  
  17  0:52  Extractor  
  17  0:56  Drone  
  17  1:07  Drone  
  18  1:17  Drone  
  19  1:27  Queen  
  19  1:29  Zergling x2  
  19  1:30  Roach Warren  
  21  1:39  Overlord  
  21  1:49  Drone  
  22  2:00  Overlord  
  22  2:11  Roach  
  24  2:22  Roach  
  26  2:32  Roach  
  26  2:33  Overlord  
  26  2:34  Roach x2  
  32  2:44  Roach  
  34  2:55  Roach  
  36  3:05  Overlord, Roach  
  38  3:06  Roach x2  
  42  3:17  Roach  
  44  3:28  Roach  
  46  3:37  Overlord, Drone, Roach  
  46  3:39  Roach  
  51  3:50  Roach  
  52  4:01  Zergling x2  
  53  4:08  Zergling x2  
  53  4:09  Zergling x4  
  56  4:11  Baneling Nest  
  56  4:12  Zergling x2  
  56  4:23  Zergling x2  
  57  4:33  Extractor  
  57  4:34  Zergling x2  
  57  4:40  Overlord  
  57  4:41  Zergling x2  
  57  4:42  Drone  
  59  4:49  Drone  
  56  4:55  Baneling x2  
  56  4:56  Lair  
  56  4:57  Drone  
  57  5:01  Baneling  
  57  5:06  Baneling  
  57  5:07  Drone  
  57  5:13  Drone  
  57  5:14  Drone x2  
  59  5:19  Drone  
  61  5:29  Overlord  
  61  5:40  Zergling x2  
  60  5:44  Zergling x2  
  60  5:45  Zergling x2  
  62  5:58  Hydralisk Den  
  62  6:00  Drone  
  62  6:06  Infestation Pit  
  62  6:10  Hatchery  
Tags
 
Add a new tag
Caveats
  • Supply blocks, unpowered buildings, or Contaminate may cause inaccurate times.
  • Supply counts are checked every 10 seconds.